 Dungeon Crawl Stone Soup version 0.19-a0-1740-g0bcaf2e (webtiles) character file.

1572 4thArraOfDagon the Carver (level 8, -13/71 HPs)
             Began as a Minotaur Monk on Oct 1, 2016.
             Was an Elder of Okawaru.
             Mangled by a hill giant
             ... wielding a +0 giant club
              (28 damage)
             ... on level 11 of the Dungeon.
             The game lasted 00:07:36 (1444 turns).

4thArraOfDagon the Carver (Minotaur Monk)           Turns: 1444, Time: 00:07:37

Health: -13/71     AC:  8    Str: 16    XL:     8   Next: 59%
Magic:  7/9        EV: 17    Int:  8    God:    Okawaru [****..]
Gold:   100        SH:  0    Dex: 14    Spells: 0 memorised, 7 levels left

rFire  . . .     SeeInvis .     a - +0 falchion
rCold  . . .     Gourm    .     e - +1 ring mail
rNeg   . . .     Faith    .     (no shield)
rPois  .         Spirit   .     (helmet restricted)
rElec  .         Dismiss  .     (no cloak)
rCorr  .         Reflect  .     (no gloves)
MR     .....     Harm     .     (no boots)
Stlth  +++.......               (no amulet)
                                (no ring)
                                j - ring of stealth

@: heroism, flying
A: retaliatory headbutt, horns 2
a: Heroism, Renounce Religion


You were on level 11 of the Dungeon.
You worshipped Okawaru.
Okawaru was greatly pleased with you.
You were not hungry.

You visited 1 branch of the dungeon, and saw 11 of its levels.
You also visited: Sewer.

You collected 100 gold pieces.

Inventory:

Hand Weapons
 a - a +0 falchion (weapon)
Armour
 b - a +0 robe
 e - a +1 ring mail (worn)
Jewellery
 j - a ring of stealth (left hand)
Wands
 g - a wand of paralysis (0/24)
Scrolls
 h - a scroll of remove curse
Potions
 m - a potion of flight
Comestibles
 c - 3 bread rations
 d - 2 meat rations
 f - 4 fruits


   Skills:
 + Level 6.6(11.6) Fighting
 * Level 8.8(13.8) Long Blades
 + Level 4.3(9.3) Armour
 + Level 5.9(10.9) Dodging
 - Level 1.5(6.5) Stealth
 + Level 3.7 Invocations


You had 7 spell levels left.
You didn't know any spells.

Dungeon Overview and Level Annotations

Branches:
Dungeon (11/15)            Temple (0/1) D:5
   Lair: D:8-11         Orc: D:9-12

Altars:
Dithmenos
Okawaru

Annotations:
D:1 1 exclusion


Innate Abilities, Weirdness & Mutations

You reflexively headbutt those who attack you in melee.
You have a pair of horns on your head.


Message History

You hit the hill giant. You headbutt the hill giant.
The hill giant is severely wounded.
The hill giant closely misses you.
You hit the hill giant.
The hill giant is severely wounded.
You hit the hill giant.
The hill giant is almost dead.
The hill giant hits you with a giant club!!
* * * LOW HITPOINT WARNING * * *
You hit the hill giant but do no damage.
The hill giant is almost dead.
Unknown command.
You hit the hill giant but do no damage.
The hill giant is almost dead.
Unknown command.
You hit the hill giant but do no damage.
Your headbutt misses the hill giant. Your punch misses the hill giant.
The hill giant is almost dead.
The hill giant hits you with a giant club!!
You die...

## ######### ..
#.......#
####.##.#...#.##
#.....<......<.#
.##.##.#...#..#
#.#####[.#
#.@C.......
#####.#..##.
.#.# #. # #. . #


You could see a hill giant.

Vanquished Creatures
  4 yaks (D:11)
  2 ogres
  3 ice beasts
  A big kobold (Sewer)
  2 bullfrogs (D:6)
  A wyvern skeleton (D:6)
  The ghost of 4thArraOfDagon the Slasher, a weakling MiMo (D:6)
  A bullfrog zombie (D:5)
  2 hounds
  A bullfrog skeleton (D:4)
  A centaur skeleton (D:11)
  A worker ant (D:4)
  2 adders
  A river rat (Sewer)
  An adder skeleton (D:6)
  An adder zombie (D:6)
  A worm (D:3)
  3 leopard geckos
  5 orcs
  3 giant cockroaches (D:6)
  A goblin (D:1)
  5 jackals
  6 kobolds
  5 rats
54 creatures vanquished.

Notes
Turn   | Place    | Note
-------+----------+-------------------------------------------
     0 | D:1      | 4thArraOfDagon the Minotaur Monk began the quest for the Orb.
     0 | D:1      | Reached XP level 1. HP: 19/19 MP: 0/0
   309 | D:4      | Noticed a worker ant
   309 | D:4      | Noticed a worker ant
   313 | D:5      | Entered Level 5 of the Dungeon
   313 | D:5      | Noticed a hound
   317 | D:5      | Reached XP level 2. HP: 23/27 MP: 1/1
   323 | D:5      | Reached skill level 4 in Long Blades
   323 | D:5      | Reached XP level 3. HP: 23/33 MP: 2/2
   344 | D:5      | Noticed an ogre
   395 | D:4      | Found a shadowy altar of Dithmenos.
   413 | D:4      | Reached skill level 5 in Long Blades
   413 | D:4      | Reached XP level 4. HP: 7/41 MP: 3/3
   459 | D:4      | Found an iron altar of Okawaru.
   466 | D:4      | Became a worshipper of Warmaster Okawaru
   466 | D:4      | Reached * piety under Okawaru
   466 | D:4      | Reached ** piety under Okawaru
   483 | D:5      | Found a staircase to the Ecumenical Temple.
   501 | D:5      | Noticed an ogre
   521 | D:5      | Reached XP level 5. HP: 6/47 MP: 1/4
   530 | D:5      | HP: 2/47 [jackal (3)]
   643 | D:6      | Noticed an ogre
   651 | D:6      | Killed an ogre
   651 | D:6      | Reached skill level 5 in Fighting
   651 | D:6      | Reached skill level 6 in Long Blades
   651 | D:6      | Reached skill level 1 in Invocations
   662 | D:6      | Reached skill level 1 in Armour
   662 | D:6      | Reached XP level 6. HP: 26/56 MP: 2/5
   722 | D:5      | Noticed an ice beast
   726 | D:5      | Killed an ice beast
   739 | D:5      | Reached *** piety under Okawaru
   794 | D:6      | Reached XP level 7. HP: 42/61 MP: 4/7
   800 | D:6      | Reached skill level 7 in Long Blades
   843 | D:6      | Reached skill level 5 in Dodging
   925 | D:6      | Noticed 4thArraOfDagon's ghost (weakling MiMo)
   976 | D:6      | Killed 4thArraOfDagon's ghost
  1015 | D:6      | Found a glowing drain.
  1025 | Sewer    | Entered a sewer
  1137 | Sewer    | Found a white marble altar of Elyvilon.
  1306 | D:10     | Entered Level 10 of the Dungeon
  1375 | D:11     | Noticed a yak
  1387 | D:11     | Noticed a yak
  1395 | D:11     | Killed a yak
  1395 | D:11     | Reached skill level 8 in Long Blades
  1395 | D:11     | Reached XP level 8. HP: 50/70 MP: 7/9
  1403 | D:11     | Reached **** piety under Okawaru
  1411 | D:11     | Noticed a hill giant
  1444 | D:11     | Mangled by a hill giant

Vault maps used:
D:1:      erik_arrival_gehennom, nrook_mini_backslash, xom_teletrap_fun
D:3:      lemuel_coloured_pillars_altar, first_bread
D:4:      nicolae_dithmenos_shadow_blocks, nicolae_overflow_crystal_walls
D:5:      nicolae_ashenzari_panopticon, uniq_crazy_yiuf_cottage
D:6:      gup_sewer_entry_pipe, uniq_blork_the_orc, uniq_prince_ribbit1
D:7:      nicolae_overflow_hidden_temple
D:8:      kennysheep_mini_moat
D:9:      hangedman_ranch
D:10:     serial_shops, shop, minmay_lindwurm_lava, uniq_harold, uniq_joseph,
          uniq_nergalle, uniq_snorg
D:11:     grunt_lair_entry_orc_guard_hut, orc_0_dummy, serial_glass,
          glass_columns_b, glass_columns_b, glass_columns_a, glass_columns_c
Sewer:    sewer_kobolds

Skill      XL: |  1  2  3  4  5  6  7  8 |
---------------+-------------------------+-----
Fighting       | 4 5 6 |  6.6
Long Blades    | 4 5 6 8 |  8.8
Dodging        | 4 5 |  5.9
Invocations    | 1 3 |  3.7
Armour         | 1 2 3 4 |  4.3
Stealth        | |  1.5

Action                   |  1- 3 |  4- 6 |  7- 9 || total
-------------------------+-------+-------+-------++-------
Melee: Falchion          |    32 |    61 |   146 ||   239
       Headbutt          |     8 |    11 |    26 ||    45
       Punch             |       |       |     4 ||     4
Invok: Heroism           |       |     4 |     7 ||    11
Evoke: Wand              |       |     5 |       ||     5
  Use: Scroll            |     2 |     2 |     1 ||     5
       Potion            |       |     3 |     4 ||     7
 Stab: Sleeping          |     2 |       |     1 ||     3
       Paralysed         |       |     5 |       ||     5
  Eat: Beef jerky        |       |       |     1 ||     1
       Chunk             |       |       |     1 ||     1
Armor: Robe              |     2 |     1 |       ||     3
       Skin              |       |     2 |     3 ||     5
       Ring mail         |       |       |    13 ||    13
Dodge: Dodged            |    17 |    28 |    63 ||   108
